JAA
KOGANEI GLORY @ TOYOHASHI COPPERHEADS
08/25/2037
 
TOP OF THE 1ST
Koganei Glory batting - Pitching for Toyohashi Copperheads : RHP Mitsutsugu Ueno
Pitching: RHP Mitsutsugu Ueno
Batting: RHB Tsugunosuke Fujii 0-0: Ball
1-0: Foul Ball, location: 2F
1-1: Ball
2-1: Called Strike
2-2: Foul Ball, location: 5F
2-2: Ball
3-2: Strikes out swinging
Batting: LHB Yoshihiro Yokoi 0-0: Fly out, F8 (Flyball, 8RXD, EV 98.8 MPH)
Batting: SHB Shinobu Shimabukuro 0-0: Called Strike
0-1: Foul Ball, location: 2F
0-2: Strikes out swinging
Top of the 1st over - 0 runs, 0 hits, 0 errors, 0 left on base; Koganei 0 - Toyohashi 0
BOTTOM OF THE 1ST
Toyohashi Copperheads batting - Pitching for Koganei Glory : RHP Soroku Ochiai
Pitching: RHP Soroku Ochiai
Batting: LHB Ryujiro Misumi 0-0: Called Strike
0-1: Foul Ball, location: 2F
0-2: Ball
1-2: Foul Ball, location: 9LMF
1-2: Foul Ball, location: 5F
1-2: Foul Ball, location: 2F
1-2: Ball
2-2: Strikes out swinging
Batting: RHB Masahiro Asakura 0-0: Called Strike
0-1: Called Strike
0-2: Ball
1-2: Foul Ball, location: 9LMF
1-2: Foul Ball, location: 2F
1-2: Ball
2-2: Ball
3-2: Base on Balls
Batting: LHB Shota Kawada 0-0: Called Strike
0-1: Ball
1-1: Swinging Strike
1-2: Ball
2-2: Foul Ball, location: 2F
2-2: Strikes out swinging
Batting: RHB Kunihiro Horita 0-0: Fly out, F8 (Line Drive, 8LS, EV 101.9 MPH)
Bottom of the 1st over - 0 runs, 0 hits, 0 errors, 1 left on base; Koganei 0 - Toyohashi 0
TOP OF THE 2ND
Koganei Glory batting - Pitching for Toyohashi Copperheads : RHP Mitsutsugu Ueno
Batting: RHB Masato Haito 0-0: Called Strike
0-1: Ball
1-1: Ball
2-1: Ball
3-1: Called Strike
3-2: DOUBLE (Line Drive, 9LS, EV 86.3 MPH)
Batting: RHB Yosuke Matsumoto 0-0: Ball
1-0: Called Strike
1-1: Swinging Strike
1-2: Ball
2-2: Ground out 6-3 (Groundball, 6, EV 106.9 MPH)
Batting: RHB Yonetoshi Wakayama 0-0: Called Strike
0-1: Called Strike
0-2: Strikes out looking
Batting: RHB Kunisuke Nakada 0-0: Foul Ball, location: 9LMF
0-1: Called Strike
0-2: Ground out 4-3 (Groundball, 4MD, EV 100.0 MPH)
Top of the 2nd over - 0 runs, 1 hit, 0 errors, 1 left on base; Koganei 0 - Toyohashi 0
BOTTOM OF THE 2ND
Toyohashi Copperheads batting - Pitching for Koganei Glory : RHP Soroku Ochiai
Batting: RHB Hideo Matsumura 0-0: Ball
1-0: Foul Ball, location: 5SF
1-1: Called Strike
1-2: Strikes out swinging
Batting: RHB Mutsuo Takei 0-0: Ball
1-0: Called Strike
1-1: Swinging Strike
1-2: SINGLE (Groundball, 4MD, EV 107.5 MPH)
Batting: LHB Sueichi Sakai 0-0: Ball
1-0: Ball
2-0: Called Strike
2-1: Swinging Strike
2-2: Ball
3-2: Foul Ball, location: 2F
3-2: SINGLE (Flyball, 34D, EV 93.1 MPH)
Mutsuo Takei to second
Batting: SHB Takehito Sakamoto 0-0: Called Strike
0-1: Foul Ball, location: 2F
0-2: Ball
1-2: Grounds into double play, 3-6-1 (Groundball, 34S, EV 86.9 MPH)
Bottom of the 2nd over - 0 runs, 2 hits, 0 errors, 1 left on base; Koganei 0 - Toyohashi 0
TOP OF THE 3RD
Koganei Glory batting - Pitching for Toyohashi Copperheads : RHP Mitsutsugu Ueno
Batting: RHB Tomokazu Doi 0-0: Called Strike
0-1: Called Strike
0-2: Ball
1-2: Ball
2-2: Foul Ball, location: 2F
2-2: Foul Ball, location: 2F
2-2: Ball
3-2: SINGLE (Line Drive, 7S, EV 93.1 MPH)
Batting: RHB Gohki Matsumoto 0-0: Ball
1-0: Called Strike
Tomokazu Doi steals 2nd base
1-1: Called Strike
1-2: Ground out 5-3 (Groundball, 15, EV 87.5 MPH)
Batting: RHB Tsugunosuke Fujii 0-0: Called Strike
0-1: Ball
1-1: Ball
2-1: Swinging Strike
2-2: Strikes out swinging
Batting: LHB Yoshihiro Yokoi 0-0: Swinging Strike
0-1: Fly out, F8 (Flyball, 8RXD, EV 110.6 MPH)
Top of the 3rd over - 0 runs, 1 hit, 0 errors, 1 left on base; Koganei 0 - Toyohashi 0
BOTTOM OF THE 3RD
Toyohashi Copperheads batting - Pitching for Koganei Glory : RHP Soroku Ochiai
Batting: SHB Tatsuyoshi Nakatani 0-0: Foul Ball, location: 3F
0-1: Swinging Strike
0-2: Foul Ball, location: 5F
0-2: Strikes out swinging
Batting: LHB Ryujiro Misumi 0-0: Ball
1-0: Swinging Strike
1-1: Ground out 4-3 (Groundball, 4D, EV 99.4 MPH)
Batting: RHB Masahiro Asakura 0-0: Swinging Strike
0-1: Ball
1-1: Ball
2-1: Called Strike
2-2: Fly out, F9 (Flyball, 9, EV 80.6 MPH)
Bottom of the 3rd over - 0 runs, 0 hits, 0 errors, 0 left on base; Koganei 0 - Toyohashi 0
TOP OF THE 4TH
Koganei Glory batting - Pitching for Toyohashi Copperheads : RHP Mitsutsugu Ueno
Batting: SHB Shinobu Shimabukuro 0-0: Ball
1-0: Ground out 4-3 (Groundball, 4, EV 86.9 MPH)
Batting: RHB Masato Haito 0-0: Fly out, F9 (Flyball, 9LSF, EV 85.6 MPH)
Batting: RHB Yosuke Matsumoto 0-0: Ball
1-0: DOUBLE (Flyball, 8RXD, EV 108.1 MPH)
Batting: RHB Yonetoshi Wakayama 0-0: Ball
1-0: SINGLE (Line Drive, 7S, EV 89.4 MPH)
Yosuke Matsumoto to third
Batting: RHB Kunisuke Nakada 0-0: Fly out, F2 (Popup, 3SF, EV 81.3 MPH)
Top of the 4th over - 0 runs, 2 hits, 0 errors, 2 left on base; Koganei 0 - Toyohashi 0
BOTTOM OF THE 4TH
Toyohashi Copperheads batting - Pitching for Koganei Glory : RHP Soroku Ochiai
Batting: LHB Shota Kawada 0-0: Foul Ball, location: 7LSF
0-1: Fly out, F9 (Flyball, 8RS, EV 80.6 MPH)
Batting: RHB Kunihiro Horita 0-0: Ball
1-0: DOUBLE (Flyball, 9LD, EV 101.9 MPH)
Batting: RHB Hideo Matsumura 0-0: Ball
1-0: Foul Ball, location: 7LDF
1-1: Fly out, F8 (Flyball, 8RM, EV 84.4 MPH)
Batting: RHB Mutsuo Takei 0-0: Ball
1-0: Swinging Strike
1-1: Called Strike
1-2: Ball
2-2: Ball
3-2: Foul Ball, location: 3F
3-2: Strikes out swinging
Bottom of the 4th over - 0 runs, 1 hit, 0 errors, 1 left on base; Koganei 0 - Toyohashi 0
TOP OF THE 5TH
Koganei Glory batting - Pitching for Toyohashi Copperheads : RHP Mitsutsugu Ueno
Batting: RHB Tomokazu Doi 0-0: Swinging Strike
0-1: Fly out, F8 (Flyball, 8RD, EV 92.5 MPH)
Batting: RHB Gohki Matsumoto 0-0: Called Strike
0-1: Ball
1-1: Called Strike
1-2: Strikes out swinging
Batting: RHB Tsugunosuke Fujii 0-0: Ball
1-0: Called Strike
1-1: Ball
2-1: Fly out, F9 (Line Drive, 9, EV 93.1 MPH)
Top of the 5th over - 0 runs, 0 hits, 0 errors, 0 left on base; Koganei 0 - Toyohashi 0
BOTTOM OF THE 5TH
Toyohashi Copperheads batting - Pitching for Koganei Glory : RHP Soroku Ochiai
Batting: LHB Sueichi Sakai 0-0: Fly out, F8 (Line Drive, 8RD, EV 95.6 MPH)
Batting: SHB Takehito Sakamoto 0-0: Ball
1-0: Foul Ball, location: 2F
1-1: Ground out 4-3 (Groundball, 4, EV 83.8 MPH)
Batting: SHB Tatsuyoshi Nakatani 0-0: Ball
1-0: SINGLE (Line Drive, 56D, EV 98.8 MPH)
Batting: LHB Ryujiro Misumi 0-0: Ball
1-0: Ball
2-0: Ball
3-0: Called Strike
3-1: Called Strike
3-2: Strikes out swinging
Bottom of the 5th over - 0 runs, 1 hit, 0 errors, 1 left on base; Koganei 0 - Toyohashi 0
TOP OF THE 6TH
Koganei Glory batting - Pitching for Toyohashi Copperheads : RHP Mitsutsugu Ueno
Batting: LHB Yoshihiro Yokoi 0-0: Fly out, F7 (Line Drive, 7, EV 92.5 MPH)
Batting: SHB Shinobu Shimabukuro 0-0: Called Strike
0-1: Foul Ball, location: 7LMF
0-2: Ground out 4-3 (Groundball, 4, EV 81.9 MPH)
Batting: RHB Masato Haito 0-0: Fly out, F8 (Flyball, 8RXD, EV 96.9 MPH)
Top of the 6th over - 0 runs, 0 hits, 0 errors, 0 left on base; Koganei 0 - Toyohashi 0
BOTTOM OF THE 6TH
Toyohashi Copperheads batting - Pitching for Koganei Glory : RHP Soroku Ochiai
Batting: RHB Masahiro Asakura 0-0: Ground out 6-3 (Groundball, 6, EV 83.8 MPH)
Pitching: RHP Keisuke Murakami
Batting: LHB Shota Kawada 0-0: Ball
1-0: Ball
2-0: Ground out 4-3 (Groundball, 34D, EV 102.5 MPH)
Batting: RHB Kunihiro Horita 0-0: Called Strike
0-1: Ball
1-1: Swinging Strike
1-2: Foul Ball, location: 3SF
1-2: Ball
2-2: Foul Ball, location: 2F
2-2: Foul Ball, location: 5FF
2-2: Strikes out swinging, 2-3 out at first.
Bottom of the 6th over - 0 runs, 0 hits, 0 errors, 0 left on base; Koganei 0 - Toyohashi 0
TOP OF THE 7TH
Koganei Glory batting - Pitching for Toyohashi Copperheads : RHP Mitsutsugu Ueno
Batting: RHB Yosuke Matsumoto 0-0: Ball
1-0: Ball
2-0: Swinging Strike
2-1: Foul Ball, location: 2F
2-2: Fly out, F7 (Flyball, 7D, EV 87.5 MPH)
Pinch Hitting: SHB Utamuro Takeda 0-0: Ball
1-0: Fly out, F5 (Popup, 15, EV 75.6 MPH)
Pinch Hitting: RHB Tomito Hashimoto 0-0: Called Strike
0-1: Foul Ball, location: 5SF
0-2: Ball
1-2: Fly out, F9 (Line Drive, 9S, EV 98.1 MPH)
Top of the 7th over - 0 runs, 0 hits, 0 errors, 0 left on base; Koganei 0 - Toyohashi 0
BOTTOM OF THE 7TH
Toyohashi Copperheads batting - Pitching for Koganei Glory : RHP Keisuke Murakami
Now at 2B: Masahiko Hirano
Now in RF: Takuya Okabe
Batting: RHB Hideo Matsumura 0-0: Fly out, F3 (Popup, 34, EV 80.0 MPH)
Batting: RHB Mutsuo Takei 0-0: Foul Ball, location: 5FF
0-1: Foul Ball, location: 2F
0-2: Fly out, F9 (Line Drive, 9, EV 90.0 MPH)
Batting: LHB Sueichi Sakai 0-0: Called Strike
0-1: Called Strike
0-2: Ball
1-2: Foul Ball, location: 2RF
1-2: Ball
2-2: Foul Ball, location: 5F
2-2: Strikes out looking
Bottom of the 7th over - 0 runs, 0 hits, 0 errors, 0 left on base; Koganei 0 - Toyohashi 0
TOP OF THE 8TH
Koganei Glory batting - Pitching for Toyohashi Copperheads : RHP Mitsutsugu Ueno
Pinch Hitting: LHB Noboru Konami 0-0: Ball
1-0: Swinging Strike
1-1: Foul Ball, location: 2F
1-2: Strikes out swinging
Pinch Hitting: LHB Hideto Nakamura 0-0: Ball
1-0: Ball
2-0: Fly out, F7 (Line Drive, 7, EV 91.9 MPH)
Pinch Hitting: RHB Mitsuchika Yoshimura 0-0: Swinging Strike
0-1: Foul Ball, location: 3DF
0-2: Strikes out looking
Top of the 8th over - 0 runs, 0 hits, 0 errors, 0 left on base; Koganei 0 - Toyohashi 0
BOTTOM OF THE 8TH
Toyohashi Copperheads batting - Pitching for Koganei Glory : RHP Keisuke Murakami
Now at SS: Izo Yamaoka
Now in LF: Shosuke Hirata
Now in CF: Munehiko Tanaka
Batting: SHB Takehito Sakamoto 0-0: Swinging Strike
0-1: Ball
1-1: Swinging Strike
1-2: Ball
2-2: Strikes out looking
Batting: SHB Tatsuyoshi Nakatani 0-0: Ball
1-0: Ball
2-0: Ball
3-0: Called Strike
3-1: SINGLE (Groundball, 4MD, EV 93.8 MPH)
Batting: LHB Ryujiro Misumi 0-0: Called Strike
0-1: Fly out, F5 (Popup, 5DF, EV 48.1 MPH)
Batting: RHB Takatomi Noda 0-0: Ball
1-0: Ball
2-0: Ball
3-0: Called Strike
3-1: Fly out, F9 (Flyball, 9, EV 83.1 MPH)
Bottom of the 8th over - 0 runs, 1 hit, 0 errors, 1 left on base; Koganei 0 - Toyohashi 0
TOP OF THE 9TH
Koganei Glory batting - Pitching for Toyohashi Copperheads : RHP Mitsutsugu Ueno
Batting: LHB Yoshihiro Yokoi 0-0: Called Strike
0-1: Ball
1-1: Fly out, F8 (Flyball, 8RD, EV 93.8 MPH)
Batting: SHB Shinobu Shimabukuro 0-0: Called Strike
0-1: Ball
1-1: Swinging Strike
1-2: Foul Ball, location: 23FF
1-2: Ball
2-2: Ball
3-2: Base on Balls
Pitching: LHP Taisuke Mitani
Batting: RHB Masato Haito 0-0: SINGLE (Line Drive, 9S, EV 109.4 MPH)
Shinobu Shimabukuro to second
Runner from 2nd tries for 3rd, SAFE, throw by RF made to third
Batting: RHB Yosuke Matsumoto 0-0: Fly out, F7 (Flyball, 7, EV 98.8 MPH)
Batting: RHB Takuya Okabe 0-0: Ball
1-0: Foul Ball, location: 2F
1-1: Fielders Choice at 2nd, 5-4 (Groundball, 5, EV 86.9 MPH)
Top of the 9th over - 0 runs, 1 hit, 0 errors, 2 left on base; Koganei 0 - Toyohashi 0
BOTTOM OF THE 9TH
Toyohashi Copperheads batting - Pitching for Koganei Glory : RHP Keisuke Murakami
Pitching: LHP Shigemasa Sakamoto
Pinch Hitting: RHB Takuma Matsuda 0-0: Called Strike
0-1: Ball
1-1: Ball
2-1: Swinging Strike
2-2: Strikes out swinging
Pitching: RHP So Morimoto
Batting: RHB Kunihiro Horita 0-0: Ball
1-0: Called Strike
1-1: Foul Ball, location: 2F
1-2: Strikes out swinging
Pinch Hitting: RHB Romash Tasuku Kato 0-0: Ball
1-0: Called Strike
1-1: Swinging Strike
1-2: Foul Ball, location: 3DF
1-2: Ball
2-2: Ball
3-2: Foul Ball, location: 7LSF
3-2: Base on Balls
Batting: RHB Mutsuo Takei 0-0: Foul Ball, location: 2F
0-1: Ground out 5-3 (Groundball, 56S, EV 70.0 MPH)
Bottom of the 9th over - 0 runs, 0 hits, 0 errors, 1 left on base; Koganei 0 - Toyohashi 0
TOP OF THE 10TH
Koganei Glory batting - Pitching for Toyohashi Copperheads : LHP Taisuke Mitani
Now at C: Yauyuki Hara
Now at 3B: Takuma Matsuda
Pinch Hitting: RHB Hiroki Kaneshiro 0-0: Ball
1-0: Called Strike
1-1: Ball
2-1: Called Strike
2-2: Foul Ball, location: 5FF
2-2: Foul Ball, location: 2F
2-2: SINGLE (Groundball, 4MD, EV 98.1 MPH)
Batting: RHB Shosuke Hirata 0-0: Fly out, F6 (Popup, P, EV 80.0 MPH)
Pinch Hitting: RHB Tomochika Yamaguchi 0-0: Ball
1-0: Ball
2-0: SINGLE (Groundball, 56D, EV 103.8 MPH)
Hiroki Kaneshiro to second
Batting: LHB Munehiko Tanaka 0-0: Fly out, F6 (Popup, 6MD, EV 65.0 MPH)
Batting: LHB Yoshihiro Yokoi 0-0: Foul Ball, location: 3DF
0-1: Ball
1-1: Foul Ball, location: 7LDF
1-2: Ball
2-2: Foul Ball, location: 2F
2-2: Strikes out swinging
Top of the 10th over - 0 runs, 2 hits, 0 errors, 2 left on base; Koganei 0 - Toyohashi 0
BOTTOM OF THE 10TH
Toyohashi Copperheads batting - Pitching for Koganei Glory : RHP So Morimoto
Pitching: RHP Tanzan Maeda
Now at 2B: Teruyoshi Tanaka
Now at SS: Yoseikazu Ochi
Batting: LHB Sueichi Sakai 0-0: SINGLE (Line Drive, 4MD, EV 110.6 MPH)
Pinch Hitting: SHB Junki Hayashi 0-0: Called Strike
0-1: Foul Ball, location: 5FF
0-2: Ball
1-2: Ball
2-2: Strikes out looking
Batting: SHB Tatsuyoshi Nakatani 0-0: Ball
1-0: Foul Ball, location: 5F
1-1: Foul Ball, location: 2F
1-2: SINGLE (Groundball, 4MD, EV 102.5 MPH)
Sueichi Sakai to second
Batting: LHB Ryujiro Misumi 0-0: Called Strike
0-1: Called Strike
0-2: Foul Ball, location: 2F
0-2: Ball
1-2: Foul Ball, location: 2F
1-2: Ball
2-2: Foul Ball, location: 2F
2-2: Ball
3-2: Fielders Choice at 2nd, 3-6 (Groundball, 3, EV 92.5 MPH)
Sueichi Sakai to third
Batting: RHB Takatomi Noda 0-0: Hit by Pitch
Ryujiro Misumi to second
Batting: RHB Takuma Matsuda 0-0: Called Strike
0-1: Ball
1-1: Ball
2-1: Swinging Strike
2-2: Foul Ball, location: 23F
2-2: Foul Ball, location: 2F
2-2: Foul Ball, location: 2F
2-2: SINGLE (Groundball, 56D, EV 94.4 MPH)
Sueichi Sakai scores
Bottom of the 10th over - 1 run, 3 hits, 0 errors, 2 left on base; Koganei 0 - Toyohashi 1
Wednesday, October 30th , 2024 - OOTP Baseball 25.9 Build 90